[Event "Titled Tuesday Blitz July 4 Early 2023"]
[White "laimis61"]
[Black "Aanna12"]
[WhiteElo "2251"]
[BlackElo "2076"]
[Result "0-1"]
[Round "7"]
[TimeControl "180+2"]
[Date "2023.07.04"]
[WhiteClock "0:00:00"]
[BlackClock "0:00:01"]
[Board "189"]

1. e4 e5 2. Nf3 Nc6 3. Bb5 a6 4. Ba4 Nf6 5. d3 b5 6. Bb3 Be7 7. a4 Rb8 8. axb5 axb5 9. O-O d6 10. Nc3 O-O 11. h3 h6 12. Nd5 Be6 13. Be3 Re8 14. Qd2 Bf8 15. Ra6 Bxd5 16. exd5 Ne7 17. Bxh6 gxh6 18. Nxe5 dxe5 19. Rxf6 Nxd5 20. Rf3 c6 21. Rg3+ Kh8 22. Qe2 Qf6 23. Rf3 Qg6 24. Kh2 Bg7 25. g3 Rbd8 26. c4 bxc4 27. dxc4 Nb4 28. g4 e4 29. Rf5 Re5 30. Rxe5 Bxe5+ 31. f4 Bg7 32. c5 Nd3 33. Bc2 Qe6 34. f5 Qe5+ 35. Kh1 Qd5 36. Qe3 Qd4 37. Qxd4 Bxd4 38. Ra1 Nxc5 39. Ra5 e3 40. Bd1 Re8 41. Be2 Kg7 0-1


[Site "https://www.chess.com"]

[Event "Titled Tuesday Blitz July 4 Early 2023"]
[White "Semenova, Alina"]
[Black "Modric, Nesa"]
[WhiteFideId "24113875"]
[BlackFideId "922579"]
[WhiteElo "2062"]
[BlackElo "2246"]
[Result "0-1"]
[Round "7"]
[TimeControl "180+2"]
[Date "2023.07.04"]
[WhiteClock "0:00:16"]
[BlackClock "0:01:44"]
[Board "190"]

1. e4 c6 2. d4 d5 3. e5 Bf5 4. h4 h5 5. Nf3 e6 6. Bd3 Ne7 7. Bf4 Qb6 8. Nc3 Qxb2 9. Kd2 Qb6 10. Rb1 Qc7 11. Na4 Nd7 12. Nh2 Bxd3 13. Kxd3 c5 14. dxc5 Nxc5+ 15. Nxc5 Qxc5 16. Rxb7 Qc4+ 17. Ke3 Qe4+ 18. Kd2 Qxf4+ 19. Ke2 Nf5 20. Nf3 Qc4+ 21. Ke1 Bb4+ 22. Nd2 Qc3 23. Rh3 Qxe5+ 24. Kf1 Bxd2 25. Qxd2 O-O 26. Rbb3 Qa1+ 27. Qe1 Qxe1+ 28. Kxe1 Rfc8 29. Rhc3 0-1


[Site "https://www.chess.com"]

[Event "Titled Tuesday Blitz July 4 Early 2023"]
[White "Blackwhite017"]
[Black "Tuleyeva-Aketayeva, Dana"]
[BlackFideId "13701932"]
[WhiteElo "2055"]
[BlackElo "2241"]
[Result "0-1"]
[Round "7"]
[TimeControl "180+2"]
[Date "2023.07.04"]
[WhiteClock "0:00:03"]
[BlackClock "0:00:06"]
[Board "191"]

1. e4 c5 2. Nf3 Nc6 3. d4 cxd4 4. Nxd4 Nf6 5. Nc3 e5 6. Ndb5 d6 7. Bg5 a6 8. Na3 b5 9. Nd5 Be7 10. Bxf6 Bxf6 11. c4 Nd4 12. Nc2 O-O 13. Nxd4 exd4 14. Nxf6+ Qxf6 15. cxb5 axb5 16. Bxb5 Qg5 17. Be2 Qxg2 18. Bf3 Qg5 19. Qd2 Qf6 20. Bg2 Rb8 21. O-O Ba6 22. Rfd1 d3 23. b3 Rfc8 24. Rac1 Qd4 25. Qe3 Qb2 26. Bf1 Rxc1 27. Rxc1 Qxa2 28. Bxd3 h6 29. Bxa6 Qxa6 30. Qd4 Rxb3 31. Rd1 Rb6 32. e5 dxe5 33. Qxe5 Rg6+ 34. Kh1 Qb7+ 35. Qd5 Qb2 36. Qd2 Qf6 37. Qd8+ Kh7 38. Qxf6 Rxf6 39. Kg2 g5 40. Rd3 Kg6 41. Ra3 Re6 42. Ra2 f5 43. Ra3 h5 44. Ra2 g4 45. Ra4 Kg5 46. h3 Re5 47. hxg4 fxg4 48. Rb4 Rf5 49. Ra4 h4 50. Rb4 h3+ 51. Kg1 Kh4 52. Ra4 Rd5 53. Rb4 Rd1+ 54. Kh2 Rf1 55. Rf4 Kg5 56. Rf8 Rd1 57. Rg8+ Kf5 58. Rf8+ Kg6 59. Rg8+ Kh5 60. Rh8+ Kg5 61. Rg8+ Kf4 62. Rf8+ Ke4 63. Rg8 Kf5 64. Rf8+ Ke6 65. Rg8 Rd4 66. Kg3 Kf5 67. Rf8+ Kg5 68. Rg8+ Kf6 69. Rf8+ Kg7 70. Ra8 Kh6 71. Ra6+ Kg5 72. Ra5+ Kf6 73. Ra6+ Ke5 74. Ra5+ Kd6 75. Ra6+ Kc5 76. Ra5+ Kb4 77. Rg5 Kc3 78. f3 gxf3 79. Kxf3 Rh4 80. Rg1 Kd2 81. Rh1 Kd3 82. Kg3 Rh7 83. Rxh3 Rf7 84. Kh2+ Ke2 85. Rg3 Kf2 86. Rg2+ Kf1 87. Rg1+ Kf2 88. Rg2+ Kf3 89. Rg3+ Ke2 90. Rg2+ Ke3 91. Rg3+ Kf4 92. Rg2 Kf3 93. Rg3+ Kf4 94. Rg2 Rh7+ 95. Kg1 Rb7 96. Rf2+ Kg3 97. Rg2+ Kf3 98. Rf2+ Ke3 99. Re2+ Kxe2 100. Kg2 Rg7+ 101. Kh3 Kf3 102. Kh2 Kf2 103. Kh3 Kf3 104. Kh4 Kf4 105. Kh5 Rg2 106. Kh6 Kf5 107. Kh7 Kf6 0-1


[Site "https://www.chess.com"]

[Event "Titled Tuesday Blitz July 4 Early 2023"]
[White "Guevara Sanchez, Erick Marvin"]
[Black "Peiris, T G M"]
[WhiteFideId "6700136"]
[BlackFideId "9901310"]
[WhiteElo "2054"]
[BlackElo "2231"]
[Result "1-0"]
[Round "7"]
[TimeControl "180+2"]
[Date "2023.07.04"]
[WhiteClock "0:00:13"]
[BlackClock "0:00:14"]
[Board "192"]

1. e4 c5 2. Nf3 Nc6 3. d4 cxd4 4. Nxd4 Nf6 5. Nc3 g6 6. f4 Bg7 7. e5 Ng8 8. Bc4 a6 9. O-O Nh6 10. Be3 O-O 11. Bb3 d6 12. e6 f5 13. h3 Na5 14. Bd5 Rb8 15. a4 Qc7 16. Qe2 Kh8 17. Ba2 Ng8 18. Nd5 Qd8 19. Nf3 Bxe6 20. Bb6 Qc8 21. Bxa5 Qc5+ 22. Kh1 Bxd5 23. b4 Qc6 24. b5 Qc5 25. Bxd5 Qxd5 26. Rad1 Qc5 27. c3 axb5 28. axb5 b6 29. Bb4 Qc7 30. Rfe1 Rbc8 31. Ng5 Qd7 32. Ne6 Rfe8 33. Nxg7 Kxg7 34. Qd3 Nf6 35. Qd4 Qc7 36. Ba3 e5 37. fxe5 dxe5 38. Qg1 Rcd8 39. Rxd8 Rxd8 40. Bb4 Qc4 41. Qe3 e4 42. Qf4 Qxb5 43. Qc7+ Rd7 44. Qc8 Qe5 45. Qf8# 1-0


[Site "https://www.chess.com"]

[Event "Titled Tuesday Blitz July 4 Early 2023"]
[White "Sariego Figueredo, Wilfredo"]
[Black "Winkels, Marcel"]
[WhiteFideId "3500080"]
[BlackFideId "1003887"]
[WhiteElo "2196"]
[BlackElo "2053"]
[Result "0-1"]
[Round "7"]
[TimeControl "180+2"]
[Date "2023.07.04"]
[WhiteClock "0:00:00"]
[BlackClock "0:00:09"]
[Board "193"]

1. d4 Nf6 2. Bf4 g6 3. Nc3 a6 4. e4 d6 5. Qd2 Bg7 6. Bh6 Bxh6 7. Qxh6 b5 8. f3 Bb7 9. e5 dxe5 10. dxe5 Nd5 11. O-O-O e6 12. Nh3 Qe7 13. Ne4 Nd7 14. Be2 O-O-O 15. Kb1 Nxe5 16. Nf4 Nxf4 17. Qxf4 Nc6 18. Ng5 f6 19. Ne4 f5 20. Nc3 Rxd1+ 21. Rxd1 Rd8 22. Rxd8+ Qxd8 23. a3 Qd6 24. Qh6 Qd7 25. Qf8+ Nd8 26. Bd3 Qd6 27. Qh6 Qd7 28. h4 Kb8 29. h5 gxh5 30. Qxh5 Ka7 31. Qh6 Nc6 32. Qe3+ Kb8 33. Qh6 Ne5 34. Qf8+ Qc8 35. Qf6 Nxd3 36. cxd3 Qd7 37. Qh8+ Ka7 38. Kc2 Bd5 39. Qd4+ Kb7 40. b4 Qc6 41. Qg7 h5 42. Qg5 Qd6 43. Qxh5 Bc6 44. Qh4 e5 45. Qf2 e4 46. Qd2 exd3+ 47. Qxd3 Qe6 48. Qe3 Qd6 49. Qd3 Qe7 50. Qd2 Qe6 51. Qd4 Qg6 0-1


[Site "https://www.chess.com"]

[Event "Titled Tuesday Blitz July 4 Early 2023"]
[White "Politov, Pavel Y."]
[Black "Kiseleva, Arina"]
[WhiteFideId "24110515"]
[BlackFideId "4164989"]
[WhiteElo "2048"]
[BlackElo "2192"]
[Result "1-0"]
[Round "7"]
[TimeControl "180+2"]
[Date "2023.07.04"]
[WhiteClock "0:00:25"]
[BlackClock "0:00:00"]
[Board "194"]

1. e4 c6 2. d4 d5 3. exd5 cxd5 4. Bd3 Nf6 5. h3 Nc6 6. c3 g6 7. Nf3 Bf5 8. Ne5 Bxd3 9. Nxd3 e6 10. O-O Bd6 11. Re1 Ne4 12. Nd2 Nxd2 13. Bxd2 Qh4 14. Qf3 O-O 15. Ne5 Nxe5 16. dxe5 Bc7 17. Bf4 Rac8 18. Bg3 Qe7 19. Qg4 Bd8 20. Re3 h5 21. Qf3 Rc4 22. Bf4 Kh7 23. Bh2 Qc7 24. Rd1 b5 25. Red3 Bg5 26. Rd4 Kg7 27. Bf4 Bxf4 28. Qxf4 Rxd4 29. Rxd4 Rc8 30. Qf6+ Kg8 31. Qg5 Qd8 32. Qxd8+ Rxd8 33. Kf1 a6 34. Ke2 Rc8 35. Kd2 Kf8 36. Kc2 Ke7 37. a4 Rc4 38. axb5 axb5 39. Kb3 f6 40. f4 fxe5 41. fxe5 g5 42. Rxc4 bxc4+ 43. Kb4 Kf7 44. Kc5 Kg6 45. g4 hxg4 46. hxg4 Kg7 47. Kd6 Kf7 48. Kd7 1-0


[Site "https://www.chess.com"]

[Event "Titled Tuesday Blitz July 4 Early 2023"]
[White "Goughfather"]
[Black "Vila Dupla, Aurelio"]
[BlackFideId "2203383"]
[WhiteElo "2038"]
[BlackElo "2177"]
[Result "1-0"]
[Round "7"]
[TimeControl "180+2"]
[Date "2023.07.04"]
[WhiteClock "0:00:06"]
[BlackClock "0:00:00"]
[Board "195"]

1. d4 Nf6 2. Nc3 d5 3. Bf4 g6 4. e3 Bg7 5. h4 h5 6. Nf3 O-O 7. Ne5 c5 8. Be2 Nc6 9. Nxc6 bxc6 10. Be5 cxd4 11. exd4 Qa5 12. Qd2 Nd7 13. Bxg7 Kxg7 14. g4 e5 15. gxh5 c5 16. Nxd5 Qxd2+ 17. Kxd2 exd4 18. Rhg1 Ne5 19. f4 Bb7 20. Nf6 Kxf6 21. fxe5+ Kxe5 22. hxg6 fxg6 23. Rxg6 Rf2 24. Ke1 Rh2 25. Rg5+ Kf6 26. Kd2 Re8 27. Rf1+ Ke6 28. Kd1 Kd7 29. Bb5+ Bc6 30. Rg7+ Re7 31. Rxe7+ Kxe7 32. Bxc6 Rxh4 33. Re1+ Kd6 34. Be4 Rh8 35. b3 a5 36. Bd3 Rh2 37. a4 Rf2 38. Re2 Rf1+ 39. Kd2 Ra1 40. Rh2 Rg1 41. Rh6+ Kc7 42. Bc4 Rg2+ 43. Kc1 Rg3 44. Bd3 Kb7 45. Kd2 Rg2+ 46. Ke1 Rg1+ 47. Kf2 Rg5 48. Kf3 Re5 49. Kf4 Re3 50. Be4+ Ka7 51. Ke5 d3 52. cxd3 Re1 53. Kd5 Rb1 54. Kc4 Rc1+ 55. Kb5 Rc3 56. Bd5 Rxd3 57. Bc4 Rd7 58. Ra6+ Kb7 59. Rb6+ Ka7 60. Kxa5 Rd2 61. Rc6 Ra2 62. Rxc5 Kb7 63. Kb5 Rb2 64. Bd5+ Kb8 65. b4 1-0


[Site "https://www.chess.com"]

[Event "Titled Tuesday Blitz July 4 Early 2023"]
[White "Feliz Dotel, Dewar Bienvenido"]
[Black "Vargas, Mauricio"]
[WhiteFideId "6402801"]
[BlackFideId "4404572"]
[WhiteElo "2169"]
[BlackElo "1881"]
[Result "1-0"]
[Round "7"]
[TimeControl "180+2"]
[Date "2023.07.04"]
[WhiteClock "0:00:59"]
[BlackClock "0:00:00"]
[Board "196"]

1. d4 d5 2. e3 c6 3. Nf3 Bg4 4. c4 e6 5. Be2 f5 6. Ne5 Bxe2 7. Qxe2 Bd6 8. cxd5 exd5 9. f4 Nf6 10. Nc3 O-O 11. Bd2 Qe8 12. O-O Nbd7 13. Be1 c5 14. dxc5 Bxc5 15. Rd1 Nxe5 16. fxe5 Qxe5 17. Bg3 Qxe3+ 18. Qxe3 Bxe3+ 19. Kh1 d4 20. Nb5 Ne4 21. Be5 a6 22. Bxd4 Bxd4 23. Nxd4 Rad8 24. Kg1 g6 25. Ne6 Rxd1 26. Rxd1 Rc8 27. h3 Kf7 28. Nf4 Kf6 29. Rd7 Rc2 30. Rxh7 Ke5 31. Nd3+ Kd4 32. Ne1 Rc1 33. Kf1 Nd2+ 34. Ke2 Ne4 35. Nf3+ 1-0


[Site "https://www.chess.com"]

[Event "Titled Tuesday Blitz July 4 Early 2023"]
[White "Horokoskii"]
[Black "Skiadopoulos, Nikolaos"]
[BlackFideId "4200772"]
[WhiteElo "2077"]
[BlackElo "1887"]
[Result "1/2-1/2"]
[Round "7"]
[TimeControl "180+2"]
[Date "2023.07.04"]
[WhiteClock "0:00:06"]
[BlackClock "0:00:39"]
[Board "197"]

1. d4 Nf6 2. c4 c5 3. d5 b5 4. cxb5 a6 5. bxa6 e6 6. Nc3 Nxd5 7. Nxd5 exd5 8. Qxd5 Nc6 9. e3 Be7 10. Nf3 O-O 11. Be2 Bxa6 12. Bxa6 Qa5+ 13. Bd2 Qxa6 14. Bc3 Rfb8 15. Ne5 Nxe5 16. Bxe5 d6 17. Bc3 Bf6 18. Bxf6 gxf6 19. Qd2 Rb4 20. h4 Rab8 21. Rh3 Rxb2 22. Qd1 Rxa2 23. Rc1 Rbb2 24. Rg3+ Kf8 25. Qg4 Re2+ 26. Kf1 Rxf2+ 27. Kg1 Qa3 28. Qc8+ Ke7 29. Qc7+ Ke6 30. Qc8+ Ke7 31. Qc7+ Ke6 32. Qc8+ Ke7 1/2-1/2


[Site "https://www.chess.com"]

[Event "Titled Tuesday Blitz July 4 Early 2023"]
[White "Ho, In Hei Henry"]
[Black "Pein, Jonathan"]
[WhiteFideId "6002552"]
[BlackFideId "417092"]
[WhiteElo "2061"]
[BlackElo "2405"]
[Result "0-1"]
[Round "7"]
[TimeControl "180+2"]
[Date "2023.07.04"]
[WhiteClock "0:00:05"]
[BlackClock "0:01:47"]
[Board "198"]

1. e4 c5 2. Nf3 d6 3. d4 cxd4 4. Nxd4 Nf6 5. Nc3 a6 6. Be3 e5 7. Nb3 Be6 8. f3 Be7 9. Qd2 Nc6 10. g4 a5 11. g5 Nd7 12. Nd5 a4 13. Nc1 Bxd5 14. exd5 Nd4 15. Bxd4 exd4 16. f4 O-O 17. Nd3 Nc5 18. h4 a3 19. b4 Ne4 20. Qg2 Re8 21. O-O-O Nc3 22. Rd2 Nxa2+ 23. Kb1 Nc3+ 24. Ka1 Qb6 25. f5 Bxg5 26. Be2 Bxd2 27. Rg1 Bh6 28. f6 Rxe2 0-1


[Site "https://www.chess.com"]

[Event "Titled Tuesday Blitz July 4 Early 2023"]
[White "NtcPou"]
[Black "Kozelov, Roman"]
[BlackFideId "14133377"]
[WhiteElo "2030"]
[BlackElo "2335"]
[Result "0-1"]
[Round "7"]
[TimeControl "180+2"]
[Date "2023.07.04"]
[WhiteClock "0:00:03"]
[BlackClock "0:01:16"]
[Board "199"]

1. e4 e6 2. d4 d5 3. Nd2 dxe4 4. Nxe4 Nd7 5. Nf3 Ngf6 6. Nxf6+ Nxf6 7. Bd3 Bd6 8. O-O h6 9. Qe2 O-O 10. c4 b6 11. Rd1 Bb7 12. b3 Qe7 13. a4 Rad8 14. Bb2 Rfe8 15. Ne5 Bxe5 16. dxe5 Nd7 17. Qg4 Qb4 18. Qg3 Nc5 19. Be2 Qxb3 20. Qxb3 Nxb3 21. Rab1 Be4 22. Rxd8 Rxd8 23. Rd1 Rxd1+ 24. Bxd1 Nd2 25. f3 Bd3 26. c5 bxc5 27. Bc3 Nc4 28. Kf2 Kf8 29. Bb3 Ke7 30. f4 Kd7 31. g4 Kc6 32. h4 Kd5 33. Kf3 Kc6 34. f5 Kd7 35. Kf4 Nb6 36. Ke3 c4 37. Bxc4 Bxc4 38. Kd4 Bd5 39. a5 Nc4 40. Kc5 a6 41. Bd4 Nd2 42. Be3 Nf3 43. Bc1 Nxe5 0-1


[Site "https://www.chess.com"]

[Event "Titled Tuesday Blitz July 4 Early 2023"]
[White "Suduvasachmatai"]
[Black "HeinichessPY"]
[WhiteElo "2077"]
[BlackElo "2141"]
[Result "1-0"]
[Round "7"]
[TimeControl "180+2"]
[Date "2023.07.04"]
[WhiteClock "0:00:19"]
[BlackClock "0:00:31"]
[Board "200"]

1. e4 c5 2. c3 Nf6 3. e5 Nd5 4. d4 cxd4 5. Nf3 Nc6 6. cxd4 e6 7. Nc3 Nxc3 8. bxc3 d6 9. Bb5 Qa5 10. Bxc6+ bxc6 11. Bd2 Ba6 12. c4 Qa3 13. O-O Bxc4 14. Re1 d5 15. Re3 Qa6 16. a4 Be7 17. a5 O-O 18. Ne1 c5 19. Rg3 f6 20. Bh6 Rf7 21. Qg4 f5 22. Qh5 Be2 23. Qxf7+ Kxf7 24. Rxg7+ Ke8 25. Rg8+ Kf7 26. Rxa8 cxd4 27. h4 d3 28. Be3 d4 29. Bd2 Qb7 30. Rh8 Kg7 31. Re8 Bb4 32. Bg5 d2 33. Nc2 d1=Q+ 34. Rxd1 Bxd1 35. Nxb4 Qxb4 36. Re7+ Kg6 37. Rxe6+ Kh5 38. f3 Qe1+ 39. Kh2 Qf2 40. Rh6# 1-0


[Site "https://www.chess.com"]

[Event "Titled Tuesday Blitz July 4 Early 2023"]
[White "Lohani, Sujana"]
[Black "Allam, Yara"]
[WhiteFideId "12311987"]
[BlackFideId "10615709"]
[WhiteElo "1911"]
[BlackElo "2054"]
[Result "1-0"]
[Round "7"]
[TimeControl "180+2"]
[Date "2023.07.04"]
[WhiteClock "0:00:42"]
[BlackClock "0:01:26"]
[Board "201"]

1. d4 d5 2. Nf3 Nf6 3. c4 c6 4. e3 e6 5. Nc3 Bd6 6. Qc2 O-O 7. e4 dxe4 8. Nxe4 Nxe4 9. Qxe4 Nd7 10. Bd3 Nf6 11. Qh4 Bb4+ 12. Kf1 c5 13. Bg5 h6 14. Bxh6 gxh6 15. Qxh6 e5 16. Ng5 e4 17. Bxe4 Qxd4 18. Bh7+ 1-0


[Site "https://www.chess.com"]

[Event "Titled Tuesday Blitz July 4 Early 2023"]
[White "Sarana, Alexey"]
[Black "Mamedov, Rauf"]
[WhiteFideId "24133795"]
[BlackFideId "13401653"]
[WhiteElo "3067"]
[BlackElo "3053"]
[Result "1/2-1/2"]
[Round "8"]
[TimeControl "180+2"]
[Date "2023.07.04"]
[WhiteClock "0:00:03"]
[BlackClock "0:00:07"]
[Board "1"]

1. d4 d5 2. c4 e6 3. Nc3 c5 4. cxd5 exd5 5. Nf3 Nc6 6. dxc5 d4 7. Na4 Bxc5 8. Nxc5 Qa5+ 9. Qd2 Qxc5 10. e3 dxe3 11. Qxe3+ Qxe3+ 12. Bxe3 Nf6 13. Bb5 Be6 14. O-O O-O 15. Rfd1 Rfc8 16. Nd4 Nxd4 17. Bxd4 Nd5 18. a3 h6 19. h3 Nf4 20. Be3 Nd5 21. Bd4 Nf4 22. Rac1 a6 23. Bf1 Bb3 24. Re1 Rxc1 25. Rxc1 Rd8 26. Be3 Nd5 27. Bd2 Nf6 28. Ba5 Rd5 29. Be1 Rd7 30. f3 Nd5 31. Bd2 f6 32. Kf2 Kf7 33. h4 Ne7 34. Be1 h5 35. Rc3 Be6 36. Rc5 g6 37. g3 Nf5 38. Bc3 Ne7 39. Ba5 Nc6 40. Be1 Ne5 41. Rc3 Bd5 42. Be2 Bc6 43. b3 Kg7 44. a4 Kf7 45. Re3 Rd5 46. Bc3 Rc5 47. Ke1 Rd5 48. Bb2 b5 49. axb5 Bxb5 50. Bxe5 fxe5 51. Bd1 Kf6 52. Bc2 Rc5 53. Kd2 Rd5+ 54. Kc3 Rc5+ 55. Kb2 Rd5 56. Kc1 Rc5 57. Kd2 Rd5+ 58. Ke1 Rc5 59. Be4 Rc1+ 60. Kf2 Rf1+ 61. Kg2 Rd1 62. Rc3 Rd2+ 63. Kg1 Rd1+ 64. Kg2 Rd2+ 65. Kg1 Rd6 66. Kf2 Bd7 67. Ke3 Be6 68. Bd3 Rb6 69. Bc2 a5 70. Kd2 Rd6+ 71. Ke3 Rb6 72. Ke2 Bd5 73. Kf2 Be6 74. Ke3 Bf5 75. Be4 Be6 76. Bc2 Bf5 77. Bd1 Be6 78. Bc2 1/2-1/2


[Site "https://www.chess.com"]

[Event "Titled Tuesday Blitz July 4 Early 2023"]
[White "Korobov, Anton"]
[Black "Pranav, V"]
[WhiteFideId "14105730"]
[BlackFideId "25060783"]
[WhiteElo "2994"]
[BlackElo "3016"]
[Result "1-0"]
[Round "8"]
[TimeControl "180+2"]
[Date "2023.07.04"]
[WhiteClock "0:00:06"]
[BlackClock "0:00:00"]
[Board "2"]

1. c4 c5 2. Nf3 Nc6 3. Nc3 Nf6 4. d4 cxd4 5. Nxd4 e6 6. g3 Bc5 7. Nb3 Be7 8. Bg2 O-O 9. O-O d6 10. Be3 Bd7 11. Nb5 Qb8 12. Bf4 Ne5 13. Rc1 a6 14. Bxe5 axb5 15. Bxf6 Bxf6 16. Nc5 Bc6 17. Bxc6 dxc5 18. Bxb5 Rxa2 19. Rc2 Rxb2 20. Rxb2 Bxb2 21. Qb1 Bf6 22. Rd1 Qe5 23. e3 g6 24. Bd7 Qc3 25. Qd3 Qe5 26. Qb3 Qc7 27. Ba4 Qa5 28. Bd7 Qb4 29. Qc2 Qa5 30. Rb1 Qc7 31. Ba4 Rd8 32. Qe4 Qa5 33. Bc2 Rd2 34. Rxb7 Kg7 35. Qxe6 Rxc2 36. Qxf7+ Kh6 37. Qxf6 Qe1+ 38. Kg2 1-0


[Site "https://www.chess.com"]

[Event "Titled Tuesday Blitz July 4 Early 2023"]
[White "Aravindh, Chithambaram VR."]
[Black "Nihal Sarin"]
[WhiteFideId "5072786"]
[BlackFideId "25092340"]
[WhiteElo "2918"]
[BlackElo "3126"]
[Result "1/2-1/2"]
[Round "8"]
[TimeControl "180+2"]
[Date "2023.07.04"]
[WhiteClock "0:00:06"]
[BlackClock "0:00:07"]
[Board "3"]

1. Nf3 d5 2. d4 Nf6 3. Bg5 Ne4 4. Bf4 c5 5. c3 Nc6 6. e3 Bg4 7. Be2 e6 8. Nbd2 Nxd2 9. Qxd2 Be7 10. h3 Bh5 11. O-O O-O 12. Ne5 Bxe2 13. Qxe2 Rc8 14. Rad1 Nxe5 15. Bxe5 Qa5 16. Qg4 g6 17. Qe2 cxd4 18. exd4 b5 19. a3 Qb6 20. Rd3 a5 21. Rg3 b4 22. axb4 axb4 23. Qh5 Qd8 24. Qf3 Bd6 25. Bxd6 Qxd6 26. h4 h5 27. Qf6 Kh7 28. Re1 bxc3 29. bxc3 Qd8 30. Rxe6 Qxf6 31. Rxf6 Kg7 32. Rd6 Rfd8 33. Rxd8 Rxd8 34. Rg5 f6 35. Rg3 Kf7 36. Re3 Ra8 37. g3 Ra2 38. Kg2 Rc2 39. Kf1 g5 40. hxg5 fxg5 41. Re5 Kf6 42. Rxd5 Rxc3 43. Kg2 Rd3 44. Rd6+ Kf5 45. Rd5+ Kf6 46. Rd8 h4 47. gxh4 gxh4 48. Rf8+ Kg5 49. Rg8+ Kf5 50. Rf8+ Kg5 51. Rd8 h3+ 52. Kg1 Kg4 53. d5 Rd1+ 54. Kh2 Rd2 55. Rg8+ Kf5 56. Kxh3 Rxd5 57. Rf8+ Kg6 58. Kg2 Rg5+ 59. Kf1 Ra5 60. Rf3 Kg5 61. Rg3+ Kf4 62. Kg2 Ra2 63. Rf3+ Kg5 64. Rg3+ Kf4 65. Rf3+ Kg4 66. Rg3+ Kf4 1/2-1/2


[Site "https://www.chess.com"]

[Event "Titled Tuesday Blitz July 4 Early 2023"]
[White "Martinez Alcantara, Jose Eduardo"]
[Black "Rahman, Masruri"]
[WhiteFideId "3805662"]
[BlackFideId "7101163"]
[WhiteElo "3034"]
[BlackElo "2858"]
[Result "1-0"]
[Round "8"]
[TimeControl "180+2"]
[Date "2023.07.04"]
[WhiteClock "0:01:33"]
[BlackClock "0:00:16"]
[Board "4"]

1. e4 e6 2. d4 d5 3. Nd2 c5 4. Ngf3 Nf6 5. exd5 Nxd5 6. c3 Nc6 7. Nb3 cxd4 8. Nbxd4 Nxd4 9. Qxd4 Bd7 10. Bd3 Qf6 11. Qe4 h6 12. Ne5 Qd8 13. Qf3 Qf6 14. Qe4 Qd8 15. O-O Bd6 16. Re1 Nf6 17. Qe2 O-O 18. Bf4 Bxe5 19. Bxe5 Bc6 20. Rad1 Nd7 21. Bg3 Qg5 22. h4 Qa5 23. b4 Qd5 24. Bh7+ Kxh7 25. Rxd5 Bxd5 26. c4 Bc6 27. b5 1-0


[Site "https://www.chess.com"]

[Event "Titled Tuesday Blitz July 4 Early 2023"]
[White "Paravyan, David"]
[Black "Harshavardhan G B"]
[WhiteFideId "4194985"]
[BlackFideId "25059009"]
[WhiteElo "2992"]
[BlackElo "2848"]
[Result "0-1"]
[Round "8"]
[TimeControl "180+2"]
[Date "2023.07.04"]
[WhiteClock "0:00:00"]
[BlackClock "0:00:14"]
[Board "5"]

1. d4 Nf6 2. c4 e6 3. g3 c5 4. d5 exd5 5. cxd5 d6 6. a4 g6 7. f3 Bg7 8. e4 O-O 9. Kf2 b6 10. Kg2 a6 11. h4 h5 12. Na3 Ne8 13. Nh3 Nd7 14. Nf2 Nc7 15. Nc4 Ne5 16. Nxb6 Rb8 17. a5 f5 18. Bg5 Qe8 19. Be2 Nb5 20. f4 Ng4 21. Bxg4 hxg4 22. Re1 Qf7 23. e5 Nd4 24. exd6 Rxb6 25. axb6 Qxd5+ 26. Kf1 Bb7 27. Re7 Qg2+ 28. Ke1 Qg1+ 29. Kd2 Qxf2+ 30. Kc1 Bf3 31. Qa4 Ne2+ 32. Kb1 Qe1+ 33. Kc2 Qf2 34. Qc4+ Kh8 35. Kb3 Nd4+ 36. Ka2 Nc6 37. Rxg7 Bd5 38. Qxd5 Nb4+ 39. Ka3 Nxd5 40. Re7 Qd4 41. b7 Qb4+ 42. Ka2 Qa4+ 43. Kb1 Qd1+ 44. Ka2 Nb4+ 45. Ka3 Qxa1+ 46. Kb3 Qd1+ 47. Ka3 Qd3+ 48. Ka4 Qb5+ 49. Ka3 Nc2+ 50. Ka2 Nd4 51. d7 Qb3+ 52. Kb1 Nc6 53. Bf6+ Rxf6 0-1


[Site "https://www.chess.com"]

[Event "Titled Tuesday Blitz July 4 Early 2023"]
[White "Lin, Dachey"]
[Black "Matlakov, Maxim"]
[WhiteFideId "2029650"]
[BlackFideId "4168003"]
[WhiteElo "2809"]
[BlackElo "2941"]
[Result "0-1"]
[Round "8"]
[TimeControl "180+2"]
[Date "2023.07.04"]
[WhiteClock "0:00:33"]
[BlackClock "0:01:06"]
[Board "6"]

1. Nc3 c5 2. e4 d6 3. f4 g6 4. Nf3 Bg7 5. Bc4 Nc6 6. O-O e6 7. d3 Nge7 8. Qe1 O-O 9. f5 d5 10. Bb3 exf5 11. Nxd5 Nxd5 12. exd5 Re8 13. Bg5 Rxe1 14. Raxe1 Bf6 15. Bxf6 Qxf6 16. Re8+ Kg7 17. dxc6 Qxc6 18. Rfe1 c4 19. Bxc4 b5 20. Bb3 Bb7 21. R8e7 Qb6+ 22. Kf1 Bxf3 23. Rxf7+ Kh6 24. gxf3 Qc6 25. Kf2 Re8 26. Rxe8 Qxe8 27. Rxa7 f4 28. Rf7 Qe3+ 29. Kg2 Qe2+ 30. Kg1 Qxf3 31. c3 Qe3+ 32. Kf1 Qxd3+ 33. Kf2 Qe3+ 34. Kf1 Qf3+ 35. Ke1 Qh1+ 36. Kf2 Qxh2+ 37. Kf3 Qg3+ 0-1


[Site "https://www.chess.com"]

[Event "Titled Tuesday Blitz July 4 Early 2023"]
[White "benny_aizenberg"]
[Black "Vokhidov, Shamsiddin"]
[BlackFideId "14204223"]
[WhiteElo "2670"]
[BlackElo "2923"]
[Result "0-1"]
[Round "8"]
[TimeControl "180+2"]
[Date "2023.07.04"]
[WhiteClock "0:00:00"]
[BlackClock "0:01:22"]
[Board "7"]

1. c4 e5 2. Nc3 Nf6 3. g3 Bb4 4. Bg2 O-O 5. d3 c6 6. Bd2 d5 7. a3 Be7 8. Nf3 d4 9. Na2 e4 10. dxe4 Nxe4 11. O-O Bf6 12. Nc1 Re8 13. Nd3 Bf5 14. c5 Nd7 15. b4 a5 16. Qb3 Nxd2 17. Nxd2 Rxe2 18. Nc4 a4 19. Qd1 Re7 20. Nd6 Bxd3 21. Qxd3 Ne5 22. Qd2 Qc7 23. Rae1 Rd8 24. Kh1 b6 25. Qxd4 bxc5 26. bxc5 Qa5 27. Qb4 Qxb4 28. axb4 a3 29. Ra1 Ra7 30. Ra2 Nd3 31. Nc4 Nxb4 32. Rxa3 Rxa3 33. Nxa3 Bd4 34. Rc1 Nd3 35. Rc2 Bxc5 36. Bf1 Bxa3 37. Rc3 Nxf2+ 38. Kg2 Bb2 39. Rc2 Bd4 40. Rxc6 g6 41. Kf3 Nd1 42. g4 Ne3 43. Bd3 Kg7 44. g5 Nd5 45. Bc4 Nb6 46. Ba2 Ra8 47. Bb1 Ra3+ 48. Ke4 Bg1 49. h4 Ra4+ 50. Ke5 Rxh4 51. Ba2 Rg4 52. Kd6 Rxg5 53. Rc7 Bh2+ 54. Ke7 Bxc7 55. Bxf7 Re5+ 56. Be6 Rxe6+ 57. Kxe6 h5 0-1


[Site "https://www.chess.com"]

[Event "Titled Tuesday Blitz July 4 Early 2023"]
[White "MKlose11"]
[Black "Durarbayli, Vasif"]
[BlackFideId "13402935"]
[WhiteElo "2645"]
[BlackElo "2922"]
[Result "1/2-1/2"]
[Round "8"]
[TimeControl "180+2"]
[Date "2023.07.04"]
[WhiteClock "0:00:07"]
[BlackClock "0:00:05"]
[Board "8"]

1. e4 c5 2. Nc3 d6 3. g3 g6 4. Bg2 Bg7 5. d3 Nc6 6. Be3 Rb8 7. Qd2 b5 8. Nge2 b4 9. Nd1 Nf6 10. h3 O-O 11. Bh6 Bxh6 12. Qxh6 Nd4 13. Qd2 Bd7 14. O-O Bxh3 15. Nxd4 Bxg2 16. Nc6 Qc7 17. Nxe7+ Qxe7 18. Kxg2 d5 19. exd5 Nxd5 20. Ne3 Qb7 21. Kg1 Nf6 22. Rae1 Rbd8 23. Nc4 Rd5 24. Re5 Ng4 25. Rxd5 Qxd5 26. Ne3 Nxe3 27. Qxe3 Qxa2 28. Qxc5 Qxb2 29. Re1 a5 30. Re4 b3 31. cxb3 Qxb3 32. Qxa5 Qxd3 33. Re3 Qb1+ 34. Re1 Qb7 35. Qe5 h5 36. Qe4 Qb6 37. Qe3 Qc6 38. Qe4 Qb6 39. Qe3 Qf6 40. Qe5 Qa6 41. Qe2 Qc8 42. Qe4 Rd8 43. Kg2 Qc3 44. Qe3 Qc4 45. Qe4 Qc3 46. Re3 Qa1 47. Re1 Qa5 48. Qe5 Rd5 49. Qe8+ Kg7 50. Qe4 Rf5 51. Re2 Qa6 52. Qd4+ Rf6 53. Re3 Qc6+ 54. Kg1 Kh7 55. Qe4 Qc1+ 56. Kg2 Ra6 57. Rf3 Ra7 58. Qd5 Qc7 59. Qe4 Qe7 60. Qxe7 Rxe7 61. Ra3 Kg7 62. Ra4 Re5 63. Ra3 Kf6 64. Ra4 Re6 65. Ra3 Kg5 66. Ra4 Rd6 67. Rb4 Rd2 68. Ra4 f5 69. Rb4 Kf6 70. Ra4 Re2 71. Ra6+ Kg5 72. Ra4 Re4 73. Ra6 h4 74. gxh4+ Rxh4 75. Ra5 Rg4+ 76. Kf3 Rb4 77. Ra6 Kh5 78. Kg3 g5 79. Ra3 f4+ 80. Kf3 Kh4 81. Ra8 Rb3+ 82. Kg2 Kg4 83. Ra2 Rb1 84. f3+ Kh4 85. Re2 Rb3 86. Rd2 Re3 87. Rc2 Rb3 88. Rd2 Kh5 89. Ra2 Rc3 90. Rb2 Kg6 91. Ra2 Rd3 92. Rb2 Re3 93. Ra2 Kf5 94. Ra5+ Re5 95. Ra2 Rd5 96. Rb2 Ke5 97. Kh3 Rd1 98. Re2+ Kf5 99. Kg2 Rd3 100. Rb2 Ra3 101. Rc2 Ke5 102. Rb2 Rd3 103. Rb5+ Rd5 104. Rb2 Kd4 105. Re2 Kd3 106. Re8 Kd2 107. Kh3 Rd3 108. Kg4 Re3 109. Rg8 Ke2 110. Rxg5 Rxf3 111. Re5+ Kf2 112. Re4 Kg2 113. Rxf4 Rxf4+ 114. Kxf4 1/2-1/2


[Site "https://www.chess.com"]